 Dungeon Crawl Stone Soup version 0.28-a0-1382-g92835e5c71 (webtiles) character file.

Game seed: 4987629846930856946

82 bjtr the Conjurer (level 4, 0/34 HPs)
             Began as a Human Conjurer on Jan 1, 2022.
             Slain by a scorpion (9 damage)
             ... on level 3 of the Dungeon.
             The game lasted 00:09:41 (2468 turns).

bjtr the Conjurer (Human Conjurer)                  Turns: 2468, Time: 00:09:42

Health: 0/34       AC:  2    Str:  7    XL:     4   Next: 70%
Magic:  1/7        EV: 12    Int: 20    God:
Gold:   58         SH:  5    Dex: 12    Spells: 4/7 levels left

rFire   . . .      SeeInvis .   b - +0 short sword
rCold   . . .      Faith    .   (no shield)
rNeg    . . .      Spirit   .   a - +0 robe
rPois   .          Reflect  +   (helmet restricted)
rElec   .          Harm     .   (no cloak)
rCorr   .          Rampage  .   (no gloves)
Will    .....                   (no boots)
Stlth   ++........              p - amulet of reflection
HPRegen 0.11/turn               (no ring)
MPRegen 0.10/turn               (no ring)

@: lethally poisoned (0 -> -15), about to teleport
A: antennae 1, robust 1, subdued magic 1, MP-powered wands
a: no special abilities


You were on level 3 of the Dungeon.
You visited 1 branch of the dungeon, and saw 3 of its levels.

You collected 58 gold pieces.

Inventory:

Hand Weapons
 b - a +0 short sword (weapon)
Missiles
 e - 7 boomerangs
 i - 13 bolts
 j - 22 poisoned darts
 l - 37 stones
Armour
 a - a +0 robe (worn)
 m - an orb of wrath
 o - a +0 ring mail
Jewellery
 p - an amulet of reflection (around neck)
Scrolls
 c - 2 scrolls of teleportation
 d - 4 scrolls of identify
 g - 2 scrolls of brand weapon {unknown}
 h - a scroll of noise {unknown}
 k - a scroll of enchant armour {unknown}
 n - a scroll of immolation {unknown}


   Skills:
 + Level 0.4 Fighting
 + Level 2.2 Dodging
 - Level 2.0 Stealth
 + Level 2.3 Spellcasting
 + Level 5.3 Conjurations


You had 4 spell levels left.
You knew the following spells:

 Your Spells              Type           Power      Damage    Failure   Level
a - Magic Dart            Conj           72%        1d6       1%          1
b - Searing Ray           Conj           36%        2d5       1%          2

Your spell library contained the following spells:

 Spells                   Type           Power      Damage    Failure   Level
 Dazzling Flash           Conj/Hex       20%        N/A       13%         3
 Gell's Gravitas          Tloc           1%         N/A       36%         3
 Teleport Other           Tloc           1%         N/A       36%         3
 Fulminant Prism          Conj/Hex       5%         3d7       41%         4
 Iskenderun's Mystic Bla  Conj/Tloc      10%        2d4       41%         4
 Dispersal                Tloc           0%         N/A       100%        6


Dungeon Overview and Level Annotations

Branches:
Dungeon (3/15)

Altars:
Elyvilon

Annotations:
D:3 Jessica


Innate Abilities, Weirdness & Mutations

You have a pair of small antennae on your head.
You are robust. (+10% HP)
Your spells are a little easier to cast, but a little less powerful.
You expend magic power (3 MP) to strengthen your wands.


Message History

Aiming: Searing Ray (safe; 2% risk of failure)
Press: ? - help, Shift-Dir - straight line, f/p - Jessica
Aim: Jessica, wielding a +0 dagger and wearing a +0 robe (78% to hit)
The searing ray misses the scorpion.
The searing ray hits Jessica.
Jessica is heavily wounded. (Press . to maintain the ray.)
The scorpion barely misses you.
Without enough magic to sustain it, your searing ray dissipates.
The scorpion barely misses you.
Unknown command.
It was a potion of mutation.
You feel extremely strange.
Your connection to magic feels subdued.
You feel robust.
You feel your magical essence link to the dungeon's wands.
A pair of antennae grows on your head! You block the scorpion's attack.
Unknown command.
As you read the scroll labelled BACI AKHAUMING, it crumbles to dust.
It is a scroll of identify.
c - 3 scrolls of teleportation The scorpion stings you.
You are poisoned.
The scorpion poisons you!
As you read the scroll of teleportation, it crumbles to dust.
You feel strangely unstable.
You feel very sick. The scorpion completely misses you.
The scorpion stings you!
You are lethally poisoned!
The scorpion poisons you!
Unknown command.
Okay, then.
Okay, then.
Keep equipping yourself?
You feel very sick. The scorpion barely misses you.
You start putting on your armour.
You continue putting on your orb of wrath.
* * * LOW HITPOINT WARNING * * *
You feel very sick. The scorpion stings you!
You die...

###.#.# #..... #...#.#
#.....#### #.###.#
#......... #.....#
#...s..S. #..####
#.......# #..# #..o...# .
#<.# #..o{{.##.<#
.###.##########+##.....#
.......†........@s@.####
.#.####.......#.##.......
... #.......#.##.......
.. #.......#.##...(...#
.. #.......#.###+###### #
#.......#.# #####.###.#
#.# #.# #.###'##


You could see a scorpion and Jessica.

Vanquished Creatures
  An adder (D:2)
  A gnoll (D:1)
  2 worms
  A dart slug (D:1)
  2 orcs (D:3)
  5 ball pythons
  An endoplasm (D:1)
  8 giant cockroaches
  4 goblins
  8 hobgoblins
  4 bats
  A frilled lizard (D:2)
  3 kobolds
  11 rats
52 creatures vanquished.

Notes
Turn   | Place    | Note
-------+----------+-------------------------------------------
     0 | D:1      | bjtr the Human Conjurer began the quest for the Orb.
     0 | D:1      | Reached XP level 1. HP: 13/13 MP: 3/3
    86 | D:1      | Reached XP level 2. HP: 19/19 MP: 0/5
   149 | D:1      | Learned a level 2 spell: Searing Ray
   287 | D:1      | Reached XP level 3. HP: 18/24 MP: 2/6
   453 | D:1      | Found a faded altar of an unknown god.
   725 | D:1      | Reached skill level 5 in Conjurations
  1443 | D:2      | Reached XP level 4. HP: 30/30 MP: 4/7
  1612 | D:2      | Found a white marble altar of Elyvilon.
  2448 | D:3      | Noticed Jessica
  2449 | D:3      | Noticed a scorpion
  2464 | D:3      | Gained mutation: Your spells are a little easier to cast,
                  | but a little less powerful. [potion of mutation]
  2464 | D:3      | Gained mutation: You are robust. (+10% HP) [potion of
                  | mutation]
  2464 | D:3      | Gained mutation: You expend magic power (3 MP) to
                  | strengthen your wands. [potion of mutation]
  2464 | D:3      | Gained mutation: You have a pair of small antennae on your
                  | head. [potion of mutation]
  2468 | D:3      | Slain by a scorpion

Illustrated notes

Levels and vault maps discovered:
D:1:      sevenhm_arrival_forest_fort_small_6, layout_basic,
          hellmonk_ecumenical_altar_heavens_door, hangedman_decor_push,
          hex_medium
D:2:      layout_loops_corners, basic_altar, minmay_bisected
D:3:      layout_basic, ebering_ghost_disaster_area, uniq_jessica

Skill      XL: |  1  2  3 |
---------------+----------+-----
Conjurations   | 5 |  5.3
Fighting       | |  0.4
Dodging        | |  2.2
Stealth        | |  2.0
Spellcasting   | |  2.3

Action                   |  1- 3 |  4- 6 || total
-------------------------+-------+-------++-------
Melee: Short sword       |    37 |    20 ||    57
 Cast: Magic Dart        |    17 |       ||    17
       Searing Ray       |    15 |     9 ||    24
  Use: Scroll            |       |     2 ||     2
       Potion            |       |     1 ||     1
 Stab: Sleeping          |     1 |     1 ||     2
Armor: Robe              |     8 |     8 ||    16
Dodge: Dodged            |    24 |    22 ||    46
Block: Other             |       |     1 ||     1

Table legend: (Time is in decaauts)
 A = Elapsed time spent in this place.
 B = Non-inter-level travel time spent in this place.
 C = Inter-level travel time spent in this place.
 D = Time resting spent in this place.
 E = Time spent auto-exploring this place.
 F = Levels seen in this place.
 G = Mean time per level.
                   A        B        C        D        E       F      G
               +--------+--------+--------+--------+--------+-----+--------+
         Total |   2472 |   2443 |     29 |    339 |   1652 |   3 |  824.0 |
       Dungeon |   2472 |   2443 |     29 |    339 |   1652 |   3 |  824.0 |
               +--------+--------+--------+--------+--------+-----+--------+

Top non-repeatable levels by time:
     D:1: 1274 daAuts
     D:2: 1031 daAuts
     D:3: 166 daAuts
